 Dungeon Sprint DCSS version 0.31.0-32-g396128a36d (webtiles) character file.

Game seed: 2620079177342495453

450 Heoruswealwe the Spear-Bearer (level 6, -18/64 HPs)
             Began as a Minotaur Fighter on Mar 21, 2024.
             Was an Initiate of Gozag.
             Demolished by an orc warrior
             ... wielding a +2 heavy glaive
              (22 damage)
             ... in the Dungeon (Sprint IX: "|||||||||||||||||||||||||||||").
             The game lasted 00:01:17 (109 turns).

Heoruswealwe the Spear-Bearer (Minotaur Fighter)     Turns: 109, Time: 00:01:18

Health: -18/64     AC:  8    Str: 22    XL:     6   Next: 74%
Magic:  5/5        EV:  9    Int:  5    God:    Gozag
Gold:   0          SH:  4    Dex: 10    Spells: 5/5 levels left

rFire   . . .        a - +0 trident
rCold   . . .        d - +0 buckler
rNeg    . . .        c - +0 scale mail
rPois   .            (helmet restricted)
rElec   .            (no cloak)
rCorr   .            (no gloves)
SInv    .            (no boots)
Will    .....        (no amulet) Stlth
                     (no ring)
HPRegen 0.30/turn    (no ring)
MPRegen 0.09/turn

%: no teleportation
@: gold aura
A: horns 2, retaliatory headbutt
a: Renounce Religion, Potion Petition, Call Merchant, Bribe Branch


You were in the Dungeon.
You worshipped Gozag.
Gozag was noncommittal.
You visited 1 branch

Inventory:

Hand Weapons
 a - a +0 trident (weapon)
Armour
 c - a +0 scale mail (worn)
 d - a +0 buckler (worn)
Jewellery
 k - a +3 ring of intelligence
 l - a +2 ring of protection
Wands
 h - a wand of iceblast (10)
Scrolls
 j - 2 scrolls of blinking
Potions
 b - a potion of might
 e - 4 potions of curing
 f - 3 potions of heal wounds
 g - a potion of haste
 i - a potion of berserk rage


   Skills:
 + Level 9.5 Fighting
 * Level 12.4 Polearms
 + Level 9.5 Armour
 - Level 3.6 Shields


You had 5 spell levels left.
You didn't know any spells.
Your spell library was empty.

Dungeon Overview and Level Annotations

Branches:
Dungeon (1/1)

Altars:
Cheibriados
Dithmenos
Elyvilon
Fedhas
Gozag
Hepliaklqana
Kikubaaqudgha
Makhleb
Nemelex Xobeh
Okawaru
Qazlal
Ru
Sif Muna
Trog
Uskayaw
Vehumet
Wu Jian
Xom
Yredelemnul
Zin
The Shining One
Jiyva
Lugonu


Innate Abilities, Weirdness & Mutations

You have a pair of horns on your head.
You reflexively headbutt those who attack you in melee.


Message History

You puncture the acid dragon!
The acid dragon is severely wounded.
You block the acid dragon's attack. x2
You puncture the acid dragon!
You kill the acid dragon!
Your Fighting skill increases to level 8!
Your Polearms skill gained 2 levels and is now at level 11!
Your Armour skill increases to level 8!
You have reached level 6!
You hit the shadow.
The shadow is moderately damaged.
The shadow hits you.
You hit the shadow. Your headbutt misses the shadow.
The shadow is moderately damaged.
The shadow hits you.
You hit the shadow. You headbutt the shadow!
You destroy the shadow!
Your Fighting skill increases to level 9!
Your Polearms skill increases to level 12!
Your Armour skill increases to level 9!
You block the orc warrior's attack. The yak gores you!
There is an open door to the Dungeon, spattered with blood here.
Things that are here:
225 gold pieces; a +0 dagger; a +0 robe You hit the yak.
Your headbutt misses the yak.
The yak is lightly wounded.
The yak gores you!
* * * LOW HITPOINT WARNING * * *
The orc warrior hits you from afar with a +2 heavy glaive!
* * * LOW HITPOINT WARNING * * *
You hear a shout!
You puncture the yak!
The yak is moderately wounded.
The yak gores you.
* * * LOW HITPOINT WARNING * * *
You hit the yak. Your headbutt misses the yak.
The yak is moderately wounded.
The orc warrior hits you from afar with a +2 heavy glaive!!
You die...
Your body crumbles into a pile of gold. ▓▓▓▓▓▓▓▓▓▓▓▓▓▓▓▓▓▓▓▓▓▓▓▓ ______'!?).[[[..@Yo....+ ▓▓▓▓▓▓▓▓▓▓▓▓▓▓▓▓▓▓▓▓▓▓▓▓

You could see a yak and an orc warrior.

Vanquished Creatures
  A shadow (D)
  An acid dragon (D)
  A scorpion (D)
  2 hounds (D)
  A jelly (D)
  An orc wizard (D)
  A dart slug (D)
  2 ball pythons (D)
  A goblin (D)
  A jackal (D)
  A frilled lizard (D)
13 creatures vanquished.

Notes
Turn   | Place    | Note
-------+----------+-------------------------------------------
     0 | D        | Heoruswealwe the Minotaur Fighter began the quest for the
                  | Orb.
     0 | D        | Reached XP level 1. HP: 19/19 MP: 0/0
     6 | D        | Reached skill level 3 in Polearms
    22 | D        | Noticed a hound
    22 | D        | Noticed a scorpion
    22 | D        | Noticed a jelly
    22 | D        | Noticed a hound
    35 | D        | Killed a scorpion
    35 | D        | Killed a hound
    36 | D        | Reached skill level 7 in Polearms
    36 | D        | Reached XP level 2. HP: 21/31 MP: 1/1
    36 | D        | Reached XP level 3. HP: 26/38 MP: 2/2
    36 | D        | Reached XP level 4. HP: 31/45 MP: 3/3
    40 | D        | Reached skill level 8 in Polearms
    44 | D        | Reached skill level 9 in Polearms
    44 | D        | Reached XP level 5. HP: 17/52 MP: 4/4
    51 | D        | Found a snail-covered altar of Cheibriados.
    51 | D        | Found a shadowy altar of Dithmenos.
    51 | D        | Found a white marble altar of Elyvilon.
    51 | D        | Found a blossoming altar of Fedhas.
    51 | D        | Found an opulent altar of Gozag.
    52 | D        | Found a hazy altar of Hepliaklqana.
    53 | D        | Found a viscous altar of Jiyva.
    54 | D        | Found an ancient bone altar of Kikubaaqudgha.
    55 | D        | Found a corrupted altar of Lugonu.
    56 | D        | Found a burning altar of Makhleb.
    57 | D        | Found a sparkling altar of Nemelex Xobeh.
    58 | D        | Found an iron altar of Okawaru.
    59 | D        | Became a worshipper of Gozag Ym Sagoz the Greedy
    60 | D        | Found a stormy altar of Qazlal.
    61 | D        | Found a sacrificial altar of Ru.
    62 | D        | Found a shimmering blue altar of Sif Muna.
    63 | D        | Found a bloodstained altar of Trog.
    64 | D        | Found a hide-covered altar of Uskayaw.
    65 | D        | Found a radiant altar of Vehumet.
    66 | D        | Found an ornate altar of the Wu Jian Council.
    67 | D        | Found a shimmering altar of Xom.
    68 | D        | Found a basalt altar of Yredelemnul.
    69 | D        | Found a glowing silver altar of Zin.
    70 | D        | Found a glowing golden altar of the Shining One.
    95 | D        | Noticed an acid dragon
    95 | D        | Noticed a shadow
    95 | D        | Noticed a yak
    95 | D        | Noticed an orc warrior
   102 | D        | Killed an acid dragon
   103 | D        | Reached skill level 11 in Polearms
   103 | D        | Reached XP level 6. HP: 40/62 MP: 5/5
   105 | D        | Killed a shadow
   106 | D        | Reached skill level 12 in Polearms
   109 | D        | Demolished by an orc warrior

Illustrated notes

Levels and vault maps discovered:
D:        linesprint [early_d, line_temple, items_1, d_10, items_2, lair_1,
          lair_end, items_3, orc_1, orc_end, items_4, d_15, swamp_1, shoals_1,
          snake_1, spider_1, d_20, vaults_1, items_5, swamp_end, shoals_end,
          snake_end, spider_end, vaults_end, d_27, items_6, zot_1, zot_end,
          crypt_end, forest_end, elf_end, slime_end, tomb_end, abyss_end,
          pan_hell_end]

Skill      XL: |  1  2  3  4  5  6 |
---------------+-------------------+-----
Polearms       | 7 9 11 12 | 12.4
Fighting       | 6 7 8 9 |  9.5
Armour         | 6 7 8 9 |  9.5
Shields        | |  3.6

Action                     |  1- 3 |  4- 6 || total
---------------------------+-------+-------++-------
  Melee: Trident           |    22 |    21 ||    43
         Headbutt          |     3 |     3 ||     6
    Use: Potion            |     1 |       ||     1
 Armour: Scale mail        |    12 |    14 ||    26
  Dodge: Dodged            |     9 |     2 ||    11
  Block: Buckler           |     6 |     4 ||    10
